 Dungeon Crawl Stone Soup version 0.23.2-1-ga50397a (webtiles) character file.

Game seed: 14064203962656135172

44 lonelyhook the Skirmisher (level 3, -1/33 HPs)
             Began as a Hill Orc Fighter on Apr 18, 2019.
             Slain by an orc
             ... wielding a +2 mace of draining
              (2 damage)
             ... on level 3 of the Dungeon on Apr 19, 2019.
             The game lasted 00:10:31 (691 turns).

lonelyhook the Skirmisher (Hill Orc Fighter)         Turns: 691, Time: 00:10:32

Health: -1/33      AC:  6    Str: 19    XL:     3   Next: 60%
Magic:  3/3        EV:  7    Int:  8    God:
Gold:   68         SH:  9    Dex: 10    Spells: 2/2 levels left

rFire    . . .     SeeInvis .   a - +0 long sword
rCold    . . .     Gourm    .   c - +0 shield
rNeg     . . .     Faith    .   b - +0 scale mail
rPois    .         Spirit   .   (no helmet)
rElec    .         Reflect  .   (no cloak)
rCorr    .         Harm     .   (no gloves)
MR       .....                  (no boots)
Stlth    ..........             (no amulet)
HPRegen  0.11/turn              (no ring)
MPRegen  0.08/turn              (no ring)

@: lightly drained
A: no striking features
a: no special abilities


You were on level 3 of the Dungeon.
You were full.

You visited 1 branch of the dungeon, and saw 3 of its levels.

You collected 68 gold pieces.

Inventory:

Hand Weapons
 a - a +0 long sword (weapon)
 e - a +0 club
 i - a +0 dagger
Missiles
 m - 21 stones (quivered)
Armour
 b - a +0 scale mail (worn)
 c - a +0 shield (worn)
 k - a cursed +0 robe
Scrolls
 g - a scroll of teleportation {unknown}
 h - a scroll of identify {unknown}
 n - a scroll of blinking {unknown}
Potions
 d - a potion of might
Comestibles
 f - a ration
 l - a chunk of flesh


   Skills:
 + Level 4.2(3.9) Fighting
 + Level 3.0(2.7) Long Blades
 + Level 3.8(3.5) Armour
 + Level 3.5(3.2) Shields


You had 2 spell levels left.
You didn't know any spells.
Your spell library was empty.

Dungeon Overview and Level Annotations

Branches:
Dungeon (3/15)

Altars:
Wu Jian


Message History

The orc wizard hits you but does no damage.
An orc comes into view. It is wielding a +0 hand axe.
The giant cockroach bites you but does no damage.
You hit the orc wizard but do no damage.
You block the orc wizard's attack. You block the orc's attack.
The giant cockroach bites you but does no damage.
The orc wizard closely misses you.
You riposte.
You closely miss the orc wizard. You closely miss the orc wizard.
You block the giant cockroach's attack.
The orc hits you from afar with a +0 trident.
* * * LOW HITPOINT WARNING * * *
The orc wizard hits you but does no damage.
You block the orc wizard's attack.
The giant cockroach bites you but does no damage.
The orc barely misses you.
You barely miss the orc wizard.
The orc hits you with a +2 mace of draining.
* * * LOW HITPOINT WARNING * * *
You feel drained.
You die...

.. .....# .. .. ..$.#
#.# ##. . #.. ....# #...
#.. #.#.##... .?.##....
#.###.#.##... .......#
#.#...#..#...###.....
#.#.#.......##...s###.#.
......#....#....@oo.....
....##..##.#.#.o#oo.....
....##.###.....##.......
..............## ....(..
..#..........## .......
#...##.....#....#....o..
.†.........#.....####.##
.##<.#.......###.# ..
.#..##.....### .


You could see 2 orc wizards, 4 orcs and a giant cockroach.

Vanquished Creatures
  2 adders
  A dart slug (D:3)
  3 leopard geckos
  2 orcs (D:3)
  A bat (D:3)
  A giant cockroach (D:3)
  A goblin (D:3)
  2 hobgoblins (D:3)
  A kobold (D:1)
  A frilled lizard (D:2)
  5 rats
20 creatures vanquished.

Notes
Turn   | Place    | Note
-------+----------+-------------------------------------------
     0 | D:1      | lonelyhook the Hill Orc Fighter began the quest for the
                  | Orb.
     0 | D:1      | Reached XP level 1. HP: 19/19 MP: 1/1
   379 | D:2      | Reached XP level 2. HP: 22/27 MP: 2/2
   409 | D:2      | Found an ornate altar of the Wu Jian Council.
   469 | D:3      | Reached XP level 3. HP: 10/33 MP: 3/3
   470 | D:3      | Reached skill level 4 in Fighting
   691 | D:3      | HP: 1/33 [orc/+2 mace of draining (6)]
   691 | D:3      | Slain by an orc

Skill      XL: |  1  2  3 |
---------------+----------+-----
Fighting       | 4 |  4.2
Long Blades    | 3 |  3.0
Armour         | |  3.8
Shields        | |  3.5

Action                   || total
-------------------------++-------
Melee: Long sword        ||    50
Throw: Stone             ||     2
  Use: Scroll            ||     1
       Potion            ||     1
  Eat: Ration            ||     1
Armor: Scale mail        ||    30
Dodge: Dodged            ||    22
Block: Shield            ||    33
       Rpst.: Long sword ||     7
